 Dungeon Crawl Stone Soup version 0.29.1-1-gd02db6906a (webtiles) character file.

Game seed: 10084514291209178665

26089 Ashen the Frost Mage (level 12, -5/75 HPs)
             Began as a Demonspawn Ice Elementalist on Sept 25, 2022.
             Was an Elder of Makhleb.
             Killed from afar by a hellion (23 damage)
             ... with damnation
             ... on level 2 of the Abyss on Sept 26, 2022.
             The game lasted 00:47:52 (16739 turns).

Ashen the Frost Mage (Demonspawn Ice Elementalist) Turns: 16739, Time: 00:47:52

Health: -5/75      AC: 16    Str:  4 (6)  XL:     12   Next: 95%
Magic:  14/26      EV: 17    Int: 24 (27) God:    Makhleb [****..]
Gold:   859        SH:  7    Dex: 10 (13) Spells: 6/31 levels left

rFire   . . .      SeeInvis .   G - +4 demon blade (elec)
rCold   + . .      Faith    .   t - +3 buckler {AC+3}
rNeg    . . .      Spirit   .   L - +0 troll leather armour
rPois   .          Reflect  .   U - +0 helmet
rElec   .          Harm     .   r - scarf {repulsion}
rCorr   .          Rampage  +   O - +1 pair of gloves
Will    .....      Rage     3%  Y - +1 pair of boots {rampage}
Stlth   +++.......              m - amulet of the acrobat
HPRegen 1.02/turn               a - +6 ring of intelligence
MPRegen 0.20/turn               x - +4 ring of evasion

@: invisible, repel missiles, unable to read
A: icy blue scales 3, foul stench 1, demonic touch 2, [berserk 1],
[deterioration 2], [frail 2], ([teleportitis 1]), [weak 2], [inability to read
after injury 2]
a: Renounce Religion, Minor Destruction, Lesser Servant of Makhleb, Major
Destruction


You were on level 2 of the Abyss.
You worshipped Makhleb.
Makhleb was greatly pleased with you.
You visited 2 branches of the dungeon, and saw 13 of its levels.
You visited the Abyss 2 times.
You also visited: Ossuary and Bailey.

You collected 1391 gold pieces.
You spent 532 gold pieces at shops.

Inventory:

Hand Weapons
 s - a +2 dagger of venom
 G - a +4 demon blade of electrocution (weapon)
 R - the +3 spear of Relade {vamp, rElec rCorr Stlth+}
   (You found it in a bailey)

   It occasionally heals its wielder for a portion of the damage dealt when it
   wounds a living foe.
   rElec:     It insulates you from electricity.
   rCorr:     It protects you from acid and corrosion.
   Stlth:     It makes you more stealthy.
Missiles
 D - 9 javelins
 H - 3 throwing nets
Armour
 r - a scarf of repulsion (worn)
 t - a +3 buckler of protection (worn)
 I - +0 steam dragon scales
 L - a +0 troll leather armour (worn)
 O - a +1 pair of gloves (worn)
 U - a +0 helmet (worn)
 Y - a +1 pair of boots of rampaging (worn)
Jewellery
 a - a +6 ring of intelligence (left hand)
 l - a ring of ice
 m - an amulet of the acrobat (around neck)
 x - a +4 ring of evasion (right hand)
 K - a +6 ring of dexterity
 M - a +4 ring of protection
 N - a +4 ring of evasion
 V - a ring of fire
 W - a ring of resist corrosion
Wands
 i - a wand of charming (11)
 z - a wand of polymorph (23)
 S - a wand of digging (9)
 X - a wand of mindburst (14)
Scrolls
 c - 2 scrolls of magic mapping
 f - 3 scrolls of amnesia
 g - 3 scrolls of butterflies
 q - a scroll of teleportation
 v - a scroll of poison
 w - 3 scrolls of vulnerability
 y - 2 scrolls of blinking
 E - 2 scrolls of immolation
Potions
 b - 2 potions of magic
 d - 5 potions of might
 e - 2 potions of berserk rage
 h - 3 potions of resistance
 j - a potion of lignification
 k - 5 potions of curing
 n - a potion of mutation
 o - 5 potions of flight
 p - 2 potions of cancellation
 A - 3 potions of attraction
 B - 2 potions of haste
 C - 5 potions of brilliance
Miscellaneous
 T - a lightning rod (1/4)


   Skills:
 + Level 8.9 Fighting
 + Level 4.6 Long Blades
 + Level 8.5 Dodging
 - Level 5.4 Stealth
 + Level 4.8 Shields
 - Level 10.0 Spellcasting
 + Level 5.0 Conjurations
 + Level 10.8 Ice Magic
 + Level 4.7 Air Magic
 + Level 6.2 Invocations


You had 6 spell levels left.
You knew the following spells:

 Your Spells              Type           Power      Damage    Failure   Level
a - Freeze                Ice            100%       1d11      1%          1
b - Frozen Ramparts       Ice            100%       1d16      1%          3
c - Ozocubu's Armour      Ice            59%        N/A       1%          3
d - Hailstorm             Conj/Ice       50%        3d11      4%          4
e - Mephitic Cloud        Conj/Pois/Air  27%        N/A       10%         3
f - Metabolic Englaciati  Hex/Ice        18%        N/A       36%         5
g - Simulacrum            Ice/Necr       18%        N/A       91%         6

Your spell library contained the following spells:

 Spells                   Type           Power      Damage    Failure   Level
 Magic Dart               Conj           100%       1d8       1%          1
 Ensorcelled Hibernation  Hex/Ice        74%        N/A       1%          2
 Call Imp                 Summ           12%        N/A       19%         2
 Scorch                   Fire           24%        2d6       19%         2
 Spider Form              Tmut/Pois      12%        N/A       36%         3
 Flame Wave               Conj/Fire      24%        2d8       41%         4
 Anguish                  Hex/Necr       6%         N/A       77%         4
 Summon Cactus Giant      Summ           6%         N/A       100%        6


Dungeon Overview and Level Annotations

Branches:
Dungeon (12/15)            Temple (1/1) D:6            Lair (0/5) D:11
    Orc (0/2) D:12        Ossuary (visited)          Bailey (visited)

Altars:
Ashenzari
Cheibriados
Dithmenos
Fedhas
Gozag
Hepliaklqana
Kikubaaqudgha
Makhleb
Nemelex Xobeh
Okawaru
Qazlal
Ru
Sif Muna
Trog
Uskayaw
Vehumet
Wu Jian
Xom
Yredelemnul

Shops:
D:1 :   D:10 *

Annotations:
D:7 2 runed translucent doors, kthxbai's ghost, novice DjVM
D:10 3 runed translucent doors, MeekVeins's ghost, novice OpTm
D:12 Erolcha


Innate Abilities, Weirdness & Mutations

You are completely covered in icy blue scales. (AC +4, rC+)
You may rarely emit foul miasma when damaged in melee.
Your touch may inflict irresistible damage on your foes.
[You sometimes lose your temper in combat.]
[Your body often deteriorates upon taking damage.]
[You are very frail. (-20% HP)]
[((You are occasionally teleported next to monsters.))]
[You are very weak. (Str -4)]
[You sometimes lose the ability to read scrolls when taking damage.]


Message History

Okay, then.
Casting: Frozen Ramparts (safe; 1% risk of failure)
Confirm with . or Enter, or press ? or * to list all spells.
Casting: Hailstorm (dangerous; 4% risk of failure)
Press: ? - help, Dir - look around, f - activate A cannonade of hail descends around you!
The hail pelts the hellion!
The hellion is severely wounded.
The hail pelts the tentacled starspawn!
The tentacled starspawn is heavily damaged.
The hail pelts the starcursed mass!!
The starcursed mass is heavily damaged.
The starcursed mass shudders and is absorbed by its neighbour.
The hellion misses you.
Unknown command.
Casting: Hailstorm (dangerous; 4% risk of failure)
Confirm with . or Enter, or press ? or * to list all spells.
Casting: Hailstorm (dangerous; 4% risk of failure)
Press: ? - help, Dir - look around, f - activate A cannonade of hail descends around you!
The hail pelts the tentacled starspawn.
The tentacled starspawn is heavily damaged.
The hail pelts the starcursed mass!!
The starcursed mass is heavily damaged.
You block the hellion's attack.
A starcursed mass splits.
Unknown command.
Okay, then.
Casting: Hailstorm (dangerous; 4% risk of failure)
Confirm with . or Enter, or press ? or * to list all spells.
Casting: Hailstorm (dangerous; 4% risk of failure)
Press: ? - help, Dir - look around, f - activate A cannonade of hail descends around you!
The hail pelts the tentacled starspawn!!
The tentacled starspawn is almost destroyed.
The hail pelts the starcursed mass.
The starcursed mass is heavily damaged.
The starcursed mass shudders and is absorbed by its neighbour.
The hellion gestures at you.
The sphere of damnation explodes!
The damnation engulfs you!!
You die...

##### #
#.#..###
# .
#X2@# #
. #.####
#. ##
##...# .
# . .. #
. ..
..... .#
#...
.#....
X# ##..
##.. #.
... #.
..~#


You could see a tentacled starspawn (unable to see you) and a hellion (unable to
see you).

Vanquished Creatures
  A hydra (D:11)
  A boulder beetle (D:11)
  Erica (D:9)
  2 two-headed ogres (D:12)
  A centaur warrior (D:12)
  Amaemon (D:8)
  4 skeletal warriors (D:12)
  Lodul (D:11)
  Pikel (D:6)
  A deep elf pyromancer (D:12)
  A necromancer (Abyss:1)
  A cyclops (D:11)
  Joseph (D:9)
  A gargoyle (D:12)
  A smoke demon (Abyss:1)
  An orange demon (D:8)
  A centaur skeleton (Abyss:1)
  A kobold demonologist (D:11)
  A komodo dragon (D:11)
  An unseen horror (D:10)
  A freezing wraith (Abyss:1)
  An ancient zyme (Abyss:1)
  Grinder (D:3)
  A troll (D:12)
  3 raiju (Abyss:1)
  Sigmund (D:3)
  6 starcursed masses (Abyss:2)
  A vampire (D:10)
  A shadow (D:11)
  2 wraiths
  22 yaks
  4 fire bats (D:10)
  A wyvern (D:10)
  6 small abominations
  A steam dragon (D:6)
  A human (D:12)
  Grum (D:9)
  A harpy simulacrum (Abyss:1)
  6 vampire mosquitoes (D:12)
  2 large abominations (Abyss:1)
  Menkaure (D:6)
  2 acid dragons
  A hell hound (D:10)
  Edmund (D:5)
  7 orc warriors
  2 ice beasts
  A sky beast (D:7)
  10 ogres
  A black bear (D:4)
  2 wolves (D:9)
  6 centaurs
  4 lemures (D:6)
  A phantom (D:5)
  A bullfrog (D:7)
  6 kobold brigands
  Blork the orc (D:5)
  2 gnoll sergeants
  A necrophage (D:3)
  3 scorpions
  2 water moccasin zombies (Ossuary)
  10 killer bees
  A howler monkey (D:4)
  2 lava snakes (D:10)
  2 iron imps (Abyss:2)
  Crazy Yiuf (D:5)
  A gnoll bouda (D:10)
  11 orc priests
  2 hounds
  Terence (D:3)
  6 orc wizards
  2 mummies (Ossuary)
  10 adders
  16 gnolls
  2 shadow imps (D:5)
  3 white imps
  3 ufetubi
  6 adder zombies (Ossuary)
  3 dart slugs
  47 orcs
  4 ball pythons
  3 endoplasms
  8 giant cockroaches
  13 goblins
  7 hobgoblins
  4 jackals (D:3)
  43 kobolds
  2 quokkas
  5 bats
  5 frilled lizards
  3 gnoll zombies (Ossuary)
  4 hobgoblin zombies (Ossuary)
  5 kobold zombies (Ossuary)
  9 orc zombies (Ossuary)
  A rat (D:1)
  A lurking horror (Abyss:1)
388 creatures vanquished.

Vanquished Creatures (others)
  5 plants
  11 starspawn tentacles
  2 withered plants (D:3)
18 creatures vanquished.

Grand Total: 406 creatures vanquished

Notes
Turn   | Place    | Note
-------+----------+-------------------------------------------
     0 | D:1      | Ashen the Demonspawn Ice Elementalist began the quest for
                  | the Orb.
     0 | D:1      | Reached XP level 1. HP: 13/13 MP: 3/3
    62 | D:1      | Found Wughool's Book Boutique.
   341 | D:1      | Gained mutation: You may rarely emit foul miasma when
                  | damaged in melee. [demonic ancestry]
   341 | D:1      | Reached XP level 2. HP: 19/19 MP: 5/5
  1184 | D:2      | Gained mutation: You are partially covered in icy blue
                  | scales. (AC +2) [demonic ancestry]
  1184 | D:2      | Reached XP level 3. HP: 16/24 MP: 4/6
  1510 | D:2      | Found an iron altar of Okawaru.
  2369 | D:2      | Learned a level 3 spell: Frozen Ramparts
  2484 | D:3      | Found a hazy altar of Hepliaklqana.
  2712 | D:3      | Found an ancient bone altar of Kikubaaqudgha.
  2865 | D:3      | Gained mutation: You are mostly covered in icy blue scales.
                  | (AC +3) [demonic ancestry]
  2865 | D:3      | Reached XP level 4. HP: 29/30 MP: 7/7
  2939 | D:3      | Found a faded altar of an unknown god.
  2945 | D:3      | Noticed a necrophage
  2957 | D:3      | Killed a necrophage
  3106 | D:3      | Reached XP level 5. HP: 35/35 MP: 9/9
  3122 | D:3      | Noticed Grinder
  3429 | D:2      | Reached skill level 5 in Dodging
  3429 | D:2      | Reached skill level 5 in Stealth
  3429 | D:2      | Reached XP level 6. HP: 49/49 MP: 9/15
  3430 | D:2      | Reached skill level 5 in Fighting
  3430 | D:2      | Gained mutation: Your touch may inflict minor irresistible
                  | damage on your foes. [demonic ancestry]
  3430 | D:2      | Reached XP level 7. HP: 57/57 MP: 9/18
  3431 | D:2      | Gained mutation: You are completely covered in icy blue
                  | scales. (AC +4, rC+) [demonic ancestry]
  3431 | D:2      | Reached XP level 8. HP: 65/65 MP: 9/21
  3541 | D:3      | Found a shimmering blue altar of Sif Muna.
  3679 | D:3      | Paralysed by Grinder for 4 turns
  3684 | D:3      | Killed Grinder
  3691 | D:3      | Learned a level 3 spell: Ozocubu's Armour
  3696 | D:3      | Learned a level 4 spell: Hailstorm
  3700 | D:3      | Learned a level 3 spell: Mephitic Cloud
  3982 | D:3      | Noticed Sigmund
  3982 | D:3      | Noticed Terence
  3989 | D:3      | Killed Terence
  3995 | D:3      | Killed Sigmund
  4762 | D:5      | Entered Level 5 of the Dungeon
  4792 | D:5      | Noticed Blork the orc
  4795 | D:5      | Killed Blork the orc
  4949 | D:5      | Found a shimmering altar of Xom.
  4992 | D:5      | Reached XP level 9. HP: 44/71 MP: 9/22
  5143 | D:5      | Found a bloodstained altar of Trog.
  5545 | D:5      | Found an ornate altar of the Wu Jian Council.
  5611 | D:5      | You fall into a shaft and drop 3 floors!
  5775 | D:8      | Reached skill level 10 in Ice Magic
  5779 | D:8      | Noticed an orange demon
  5801 | D:8      | Killed an orange demon
  5802 | D:8      | Reached skill level 1 in Shields
  5861 | D:8      | Noticed Amaemon
  6054 | D:7      | Found an opulent altar of Gozag.
  6106 | D:7      | Found a large runed translucent door.
  6106 | D:7      | Found a large runed translucent door.
  6160 | D:7      | Found a sand-covered staircase.
  6164 | Ossuary  | Entered an ossuary
  6641 | D:6      | Noticed Pikel
  6650 | D:6      | Killed Pikel
  7115 | D:6      | Noticed Menkaure
  7126 | D:6      | Killed Menkaure
  7127 | D:6      | Reached XP level 10. HP: 41/79 MP: 17/23
  7390 | D:6      | Reached skill level 1 in Conjurations
  7390 | D:6      | Reached skill level 1 in Air Magic
  7476 | D:6      | Found a blossoming altar of Fedhas.
  7550 | D:6      | Found a staircase to the Ecumenical Temple.
  7561 | D:6      | Reached skill level 1 in Long Blades
  7832 | Temple   | Entered the Ecumenical Temple
  7932 | Temple   | Became a worshipper of Makhleb the Destroyer
  8190 | D:5      | Found a runed translucent door.
  8191 | D:5      | Noticed Crazy Yiuf
  8320 | D:5      | Noticed Edmund
  8327 | D:5      | Killed Edmund
  8644 | D:5      | Killed Crazy Yiuf
  8788 | D:1      | Bought a book of Winter for 476 gold pieces
  9129 | D:7      | Noticed kthxbai's ghost (novice DjVM)
  9150 | D:7      | Reached skill level 10 in Spellcasting
  9176 | D:7      | Found a basalt altar of Yredelemnul.
  9538 | D:8      | Killed Amaemon
  9539 | D:8      | Reached skill level 1 in Invocations
  9726 | D:8      | Found a stormy altar of Qazlal.
  9750 | D:8      | Found a sparkling altar of Nemelex Xobeh.
  9751 | D:8      | Found a broken altar of Ashenzari.
  9894 | D:9      | Noticed Grum
  9901 | D:9      | Killed Grum
 10020 | D:9      | Learned a level 5 spell: Metabolic Englaciation
 10027 | D:9      | Learned a level 6 spell: Simulacrum
 10127 | D:9      | Reached * piety under Makhleb
 10152 | D:9      | Noticed Erica
 10180 | D:9      | Killed Erica
 10439 | D:9      | Noticed Joseph
 10451 | D:9      | Killed Joseph
 10838 | D:9      | Reached XP level 11. HP: 82/83 MP: 23/25
 10867 | D:9      | Reached ** piety under Makhleb
 10887 | D:9      | Found an iron altar of Okawaru.
 11167 | D:9      | Found a shadowy altar of Dithmenos.
 11296 | D:10     | Entered Level 10 of the Dungeon
 11360 | D:10     | Found a flagged portal.
 11371 | Bailey   | Entered a bailey
 11470 | Bailey   | Identified the +3 spear of Relade {vamp, rElec rCorr
                  | Stlth+}
 11550 | Bailey   | Reached *** piety under Makhleb
 12294 | D:10     | Found Efyptapt's Fire Supplies.
 12305 | D:10     | Bought a scroll of immolation for 56 gold pieces
 12516 | D:10     | Found a runed translucent gate.
 12517 | D:10     | Found a runed translucent gate.
 12517 | D:10     | Found a runed translucent gate.
 12530 | D:10     | Found a radiant altar of Vehumet.
 12645 | D:10     | Noticed MeekVeins's ghost (novice OpTm)
 12840 | D:11     | Noticed a boulder beetle
 13079 | D:11     | Noticed Lodul
 13156 | D:11     | Killed Lodul
 13321 | D:11     | Noticed a seven-headed hydra
 13404 | D:11     | Killed a seven-headed hydra
 13448 | D:11     | Gained mutation: Your touch may inflict irresistible damage
                  | on your foes. [demonic ancestry]
 13448 | D:11     | Reached XP level 12. HP: 93/93 MP: 13/26
 13547 | D:11     | Killed a boulder beetle
 13658 | D:11     | Found a staircase to the Lair.
 14062 | D:12     | Reached **** piety under Makhleb
 14065 | D:12     | Reached skill level 5 in Invocations
 14081 | D:12     | Noticed a centaur warrior
 14092 | D:12     | Killed a centaur warrior
 14113 | D:12     | Noticed a two-headed ogre
 14139 | D:12     | Killed a two-headed ogre
 14145 | D:12     | Noticed a two-headed ogre
 14161 | D:12     | Killed a two-headed ogre
 14565 | D:12     | Found a staircase to the Orcish Mines.
 15537 | D:12     | Noticed Erolcha
 15566 | Abyss:1  | Cast into level 1 of the Abyss (Erolcha)
 15618 | Abyss:1  | Noticed a tentacled starspawn
 15907 | Abyss:1  | Noticed a yellow draconian annihilator
 16012 | Abyss:1  | Noticed a tentacled starspawn
 16018 | Abyss:1  | Noticed a tentacled starspawn
 16425 | Abyss:1  | Noticed a white very ugly thing
 16428 | Abyss:1  | Noticed a white very ugly thing
 16429 | Abyss:1  | Noticed a white very ugly thing
 16452 | Abyss:1  | Noticed a tentacled starspawn
 16459 | Abyss:1  | Noticed a tentacled starspawn
 16530 | D:12     | Escaped the Abyss
 16546 | Abyss:1  | Cast into level 1 of the Abyss (Erolcha)
 16588 | Abyss:1  | Noticed a lich
 16593 | Abyss:1  | Noticed a cacodemon
 16601 | Abyss:1  | Noticed an ancient lich
 16652 | Abyss:2  | Noticed a starcursed mass
 16679 | Abyss:2  | Reached skill level 5 in Conjurations
 16690 | Abyss:2  | Noticed a tentacled starspawn
 16698 | Abyss:2  | Found a burning altar of Makhleb.
 16735 | Abyss:2  | Noticed a starcursed mass
 16739 | Abyss:2  | Killed from afar by a hellion

Illustrated notes

Levels and vault maps discovered:
D:1:      minmay_arrival_semitransparent, layout_rooms, serial_shops, shop,
          serial_forest, infiniplex_forest_end_3, infiniplex_forest_lined_3,
          infiniplex_forest_clump_diagonal, infiniplex_forest_lined_3
D:2:      layout_basic, palyth_stone_intersect, kennysheep_big_empty_room,
          minmay_hexomino_r4
D:3:      layout_basic, lemuel_blue_sif_altar, nicolae_overflow_squiral,
          ebering_ecumenical_altar_petrified, uniq_sigmund, uniq_terence,
          uniq_grinder
D:4:      layout_basic
D:5:      layout_loops_cross, mainiacjoe_overflow_chevrons,
          mainiacjoe_overflow_catwalk, mainiacjoe_overflow_24_doors,
          uniq_crazy_yiuf_cottage, uniq_blork_the_orc, uniq_edmund
D:6:      layout_loops_ring, mainiacjoe_overflow_six_doors_small,
          minmay_temple_entry_antechambers, serial_bayou_pond_a,
          nicolae_fountain_basement, uniq_pikel, uniq_menkaure
D:7:      layout_loops_ring, lemuel_round_altar, grunt_gozag_breadcrumbs,
          ebering_ghost_disaster_area, nicolae_ossuary_entry_false_entrances,
          nicolae_sextant
D:8:      layout_loops_ring, minitemple, st_stairs_7, uniq_amaemon
D:9:      nicolae_cairo_tiling, layout_stronghold, mainiacjoe_overflow_paths,
          mainiacjoe_overflow_alcove_4, uniq_grum, uniq_joseph, uniq_erica
D:10:     layout_rooms, amcnicky_altar_gilded, enter_bailey_3,
          ebering_ghost_rock_garden, hangedman_decor_slide_cut,
          nicolae_shop_fire_sale [nicolae_sub_dead_trees], corexii_checkpoint_b,
          hangedman_incinerator
D:11:     layout_cave_pools, david_lair_shrubbed, uniq_lodul
D:12:     layout_basic, erik_orc_4, hangedman_tell_no_tales, uniq_erolcha,
          uniq_psyche
Temple:   hellmonk_temple_beads
Abyss:2:  base:
D:11

Skill      XL: |  1  2  3  4  5  6  7  8  9 10 11 12 |
---------------+-------------------------------------+-----
Stealth        | 2 5 |  5.4
Dodging        | 2 5 6 7 8 |  8.5
Ice Magic      | 4 7 8 9 10 | 10.8
Fighting       | 4 5 6 7 8 |  8.9
Spellcasting   | 6 8 9 10 | 10.0
Shields        | 1 2 3 4 |  4.8
Conjurations   | 2 3 5 |  5.0
Air Magic      | 2 3 4 |  4.7
Long Blades    | 2 3 4 |  4.6
Invocations    | 2 4 6 |  6.2

Action                   |  1- 3 |  4- 6 |  7- 9 | 10-12 || total
-------------------------+-------+-------+-------+-------++-------
Melee: Unarmed           |    21 |       |       |       ||    21
       Punch             |     1 |     1 |       |       ||     2
       Whip              |    56 |       |       |       ||    56
       Dagger            |    43 |    28 |   166 |       ||   237
       Touch             |       |       |     5 |       ||     5
       Demon blade       |       |       |   102 |   645 ||   747
 Cast: Freeze            |    10 |       |       |     2 ||    12
       Frozen Ramparts   |       |       |    16 |    50 ||    66
       Ozocubu's Armour  |       |       |    10 |    34 ||    44
       Mephitic Cloud    |       |       |     2 |     4 ||     6
       Hailstorm         |       |       |     4 |    15 ||    19
       Metabolic Englaci |       |       |       |     4 ||     4
Evoke: Wand              |       |       |       |    24 ||    24
       Lightning rod     |       |       |       |     4 ||     4
  Use: Scroll            |       |     4 |    17 |    15 ||    36
       Potion            |       |     3 |     1 |     7 ||    11
 Stab: Sleeping          |     4 |     4 |    12 |     5 ||    25
       Confused          |       |       |     2 |     1 ||     3
       Distracted        |       |       |     1 |       ||     1
Armor: Robe              |    35 |     7 |    69 |       ||   111
       Steam dragon scal |       |       |     2 |   148 ||   150
       Troll leather arm |       |       |       |    56 ||    56
Dodge: Dodged            |   111 |    11 |   197 |   606 ||   925
       Repelled          |       |       |       |     7 ||     7
Block: Buckler           |       |       |    75 |   257 ||   332
